 Dungeon Crawl Stone Soup version 0.27.1-3-gb3d3a73c9e (webtiles) character file.

Game seed: 10623217755105751413

64 Crownlay the Slasher (level 3, 31/31 HPs)
             Began as a Minotaur Gladiator on Oct 24, 2021.
             Was a Follower of Vehumet.
             Quit the game on level 2 of the Dungeon.
             The game lasted 00:01:43 (1892 turns).

Crownlay the Slasher (Minotaur Gladiator)           Turns: 1892, Time: 00:01:43

Health: 31/31      AC:  0    Str: 19    XL:     3   Next: 91%
Magic:  2/2        EV: 12    Int:  5    God:    Vehumet [*.....]
Gold:   77         SH:  0    Dex: 11    Spells: 2/2 levels left

rFire    . . .     SeeInvis .   a - +0 long sword
rCold    . . .     Faith    .   (no shield)
rNeg     . . .     Spirit   .   (no armour)
rPois    .         Reflect  .   c - +0 hat
rElec    .         Harm     .   (no cloak)
rCorr    .         Rampage  .   (no gloves)
Will     .....                  (no boots)
Stlth    +.........             (no amulet)
HPRegen  0.10/turn              (no ring)
MPRegen  0.08/turn              (no ring)

@: no status effects
A: horns 2, retaliatory headbutt
a: Renounce Religion


You were on level 2 of the Dungeon.
You worshipped Vehumet.
Vehumet was aware of your devotion.
You visited 1 branch of the dungeon, and saw 2 of its levels.

You collected 77 gold pieces.

Inventory:

Hand Weapons
 a - a +0 long sword (weapon)
Missiles
 d - 3 throwing nets (quivered)
Armour
 c - a +0 hat (worn)
 h - a +0 ring mail
Jewellery
 b - an amulet of faith
Wands
 l - a wand of flame (14)
Scrolls
 e - 2 scrolls of identify {unknown}
 g - 2 scrolls of teleportation {unknown}
Potions
 f - a potion of degeneration {unknown}
 i - a potion of heal wounds {unknown}
 j - a potion of curing {unknown}
 k - a potion of magic {unknown}


   Skills:
 + Level 3.5 Fighting
 * Level 5.2 Long Blades
 - Level 2.0 Throwing
 - Level 3.2 Dodging


You had 2 spell levels left.
You didn't know any spells.
Your spell library contained the following spells:

 Spells                   Type           Power      Damage    Failure   Level
 Magic Dart               Conj           0%         1d3       47%         1
 Alistair's Intoxication  Tmut/Pois      0%         N/A       100%        5
 Borgnjor's Vile Clutch   Necr/Erth      0%         N/A       100%        5
 Eringya's Noxious Bog    Tmut/Pois      0%         N/A       100%        6


Dungeon Overview and Level Annotations

Branches:
Dungeon (2/15)

Altars:
Vehumet

Annotations:
D:2 1 runed translucent door


Innate Abilities, Weirdness & Mutations

You have a pair of horns on your head.
You reflexively headbutt those who attack you in melee.


Message History

A kobold comes into view. It is wielding a +0 dagger.
Found a yellow potion.
The kobold shouts!
A kobold is nearby!
A kobold is nearby!
Found a stone staircase leading up.
The kobold hits you with a +0 dagger.
You hit the kobold.
You kill the kobold!
No target in view!
Things that are here:
a +0 dagger; a kobold corpse
k - a yellow potion
e - 2 scrolls labelled UTAC UKLUUTYLY (gained 1)
Found a faded altar of an unknown god.
There is a faded altar of an unknown god here.
Found a runed silver wand.
l - a wand of flame (14)
Found a stone staircase leading down.
Partly explored, can't reach some places.
Partly explored, can't reach some places.
Partly explored, can't reach some places.
Really walk into that teleport trap?
You enter a teleport trap!
The teleport trap disappears.
Your surroundings suddenly seem different.
Found a mace.
Found a runed translucent door.
There is a faded altar of an unknown god here.
You cannot tell which god this altar belongs to.
Convert to them anyway?
Vehumet accepts your prayer! Vehumet welcomes you!
You can now gain magical power from killing.
Vehumet offers you knowledge of Magic Dart.
Okay, then.
Okay, then.
You start removing your armour.
You continue taking off your +0 ring mail. x4
You finish taking off your +0 ring mail.
Okay, then.
Okay, then.
Are you sure you want to abandon this character and quit the game? (Confirm with "yes".)

### ###
####.###.###### #
###...#.#@#.#...# #
##...####.###.##.#
#
##.......###.###..#
#
#................##
#
#...............##
# #...............#
# #...............#
#...............#
#...............#


There were no monsters in sight!

Vanquished Creatures
  2 adders (D:2)
  A worm (D:2)
  A dart slug (D:1)
  5 endoplasms
  A giant cockroach (D:2)
  3 goblins (D:1)
  3 hobgoblins
  4 jackals (D:1)
  5 ball pythons (D:1)
  6 bats
  2 frilled lizards
  2 kobolds
  3 rats
38 creatures vanquished.

Notes
Turn   | Place    | Note
-------+----------+-------------------------------------------
     0 | D:1      | Crownlay the Minotaur Gladiator began the quest for the
                  | Orb.
     0 | D:1      | Reached XP level 1. HP: 18/18 MP: 0/0
   129 | D:1      | Reached skill level 4 in Long Blades
   131 | D:1      | Reached XP level 2. HP: 22/25 MP: 1/1
   549 | D:1      | Reached XP level 3. HP: 28/31 MP: 2/2
   917 | D:2      | Reached skill level 5 in Long Blades
  1406 | D:2      | Found a faded altar of an unknown god.
  1754 | D:2      | Found a runed translucent door.
  1886 | D:2      | Became a worshipper of Vehumet
  1886 | D:2      | Reached * piety under Vehumet
  1886 | D:2      | Offered knowledge of Magic Dart by Vehumet.
  1892 | D:2      | Quit the game

Illustrated notes

Levels and vault maps discovered:
D:1:      wander_arrival_desolate, layout_basic, due_unseen_surprise
D:2:      mumra_celtic_spiral_tile, layout_rooms,
          chequers_ecumenical_altar_twisty, uniq_crazy_yiuf_cottage

Skill      XL: |  1  2  3 |
---------------+----------+-----
Long Blades    | 4 5 |  5.2
Fighting       | 3 |  3.5
Throwing       | |  2.0
Dodging        | |  3.2

Action                   || total
-------------------------++-------
Melee: Long sword        ||    54
       Headbutt          ||    11
Armor: Leather armour    ||     2
       Ring mail         ||     9
Dodge: Dodged            ||    48
       Rpst.: Long sword ||    10
